[Event "December 19 Late 2023"]
[Site "https://www.chess.com"]
[Date "2023.12.19"]
[Round "1"]
[White "Bardyk, Artem"]
[Black "Fernandez Bustamante, Leancy B."]
[Result "1-0"]
[Board "85"]
[TimeControl "180+1"]
[WhiteFideId "34349979"]
[BlackFideId "3523870"]
[WhiteElo "2300"]
[BlackElo "2049"]
[WhiteTeam "RUS"]
[BlackTeam "CUB"]
[WhiteClock "0:00:18"]
[BlackClock "0:00:12"]

1. e4 c5 2. c3 d5 3. exd5 Qxd5 4. d4 cxd4 5. cxd4 Nc6 6. Nf3 Bg4 7. Nc3 Qd6 8. d5 Ne5 9. Bb5+ Bd7 10. O-O Nxf3+ 11. Qxf3 Nf6 12. Bf4 Qb4 13. Bxd7+ Nxd7 14. Rfe1 g5 15. Bc7 Bg7 16. d6 e6 17. Ne4 h6 18. Ng3 O-O 19. Nh5 Qxb2 20. Rab1 Qxa2 21. Qxb7 Qc2 22. Rec1 Qg6 23. Nxg7 Qxg7 24. Qc6 Ne5 25. Qe4 f5 26. Qe2 Rae8 27. Re1 Nd7 28. Rb7 e5 29. Rxa7 Rf7 30. Qc4 Kh8 31. Ba5 e4 32. Rxd7 Rxd7 33. Bc3 Re5 34. Bxe5 Qxe5 35. Qc8+ Kg7 36. Qxd7+ Kg6 37. Qe7 Qc3 38. Rf1 f4 39. d7 e3 40. d8=Q exf2+ 41. Kh1 f3 42. Qde8+ Kf5 43. Qe6+ Kf4 44. Qe4# 1-0

[Event "December 19 Late 2023"]
[Site "https://www.chess.com"]
[Date "2023.12.19"]
[Round "1"]
[White "Skibbe, Willi"]
[Black "Dobrikov, Marco"]
[Result "0-1"]
[Board "86"]
[TimeControl "180+1"]
[WhiteFideId "4682190"]
[BlackFideId "12950378"]
[WhiteElo "2365"]
[BlackElo "2394"]
[WhiteTeam "GER"]
[BlackTeam "GER"]
[WhiteClock "0:00:11"]
[BlackClock "0:02:11"]

1. d4 g6 2. c4 Bg7 3. e4 d6 4. Nc3 e5 5. d5 a5 6. Bd3 Na6 7. Nge2 Nc5 8. Bc2 f5 9. f3 f4 10. Na4 Na6 11. g3 g5 12. g4 h5 13. gxh5 Rxh5 14. b3 g4 15. Nec3 g3 16. Qe2 Qh4 17. Kd2 Qxh2 18. Rxh2 Rxh2 19. Qxh2 gxh2 20. Ba3 Bh3 21. Rh1 Bg2 22. Rxh2 Bxf3 23. Rh7 Kf7 24. Nb5 Nf6 25. Rh3 Bxe4 0-1

[Event "December 19 Late 2023"]
[Site "https://www.chess.com"]
[Date "2023.12.19"]
[Round "1"]
[White "Sourath Biswas"]
[Black "Nery Junior, Jose Antonio"]
[Result "1-0"]
[Board "87"]
[TimeControl "180+1"]
[WhiteFideId "35091484"]
[BlackFideId "2104822"]
[WhiteElo "2171"]
[BlackElo "2197"]
[WhiteTeam "IND"]
[BlackTeam "BRA"]
[WhiteClock "0:00:17"]
[BlackClock "0:00:00"]

1. d4 d5 2. Bf4 c5 3. e3 Nc6 4. Nf3 Bf5 5. dxc5 e6 6. Nd4 Bxc5 7. Nxf5 exf5 8. c3 Nf6 9. Be2 h6 10. Nd2 O-O 11. Qc2 Ne7 12. O-O Ne4 13. Rfd1 Qb6 14. Nb3 Bd6 15. Bxd6 Qxd6 16. Bf3 Qe5 17. g3 Rac8 18. Qd3 Rfd8 19. Qd4 Qb8 20. Bg2 Rc6 21. Qd3 Rg6 22. Nd4 a6 23. Qe2 Qe5 24. Rac1 b5 25. a4 bxa4 26. Ra1 Nc5 27. Nf3 Qf6 28. Nd4 Nc6 29. Qc2 Ne7 30. Ne2 Rg4 31. Nf4 Qe5 32. h3 Rg5 33. Nd3 Nxd3 34. Rxd3 h5 35. f4 1-0

[Event "December 19 Late 2023"]
[Site "https://www.chess.com"]
[Date "2023.12.19"]
[Round "1"]
[White "Su, Dion"]
[Black "Guerra Tulcan, Lenin"]
[Result "1-0"]
[Board "88"]
[TimeControl "180+1"]
[WhiteFideId "2029731"]
[BlackFideId "3601382"]
[WhiteElo "2362"]
[BlackElo "2368"]
[WhiteTeam "USA"]
[BlackTeam "ECU"]
[WhiteClock "0:00:05"]
[BlackClock "0:00:11"]

1. e4 c5 2. Nf3 e6 3. d4 cxd4 4. Nxd4 Nc6 5. Nc3 Qc7 6. Ndb5 Qb8 7. g3 Nf6 8. Bg2 Be7 9. Bf4 e5 10. Bg5 a6 11. Bxf6 gxf6 12. Na3 b5 13. Nd5 d6 14. c3 Be6 15. O-O h5 16. h3 b4 17. Nc4 Kf8 18. f4 Qb5 19. Nc7 Qxc4 20. Nxa8 bxc3 21. Nc7 cxb2 22. Nxe6+ fxe6 23. Rb1 Rg8 24. Kh2 h4 25. g4 exf4 26. Rxf4 Ne5 27. Rxb2 Kf7 28. Rb7 Qc3 29. Qxd6 Qg3+ 30. Kh1 Re8 31. g5 Qxg5 32. Rf1 Ng6 33. e5 Kg7 34. exf6+ Kh6 35. fxe7 Ne5 36. Qd5 Rg8 37. Qxe6+ Rg6 38. Qd5 Qg3 39. e8=Q Nf3 40. Qh8# 1-0

[Event "December 19 Late 2023"]
[Site "https://www.chess.com"]
[Date "2023.12.19"]
[Round "1"]
[White "Lukovic, Vladimir"]
[Black "Khodabandeh, Milad"]
[Result "1/2-1/2"]
[Board "89"]
[TimeControl "180+1"]
[WhiteFideId "942952"]
[BlackFideId "12538620"]
[WhiteElo "2394"]
[BlackElo "1846"]
[WhiteTeam "SRB"]
[BlackTeam "IRI"]
[WhiteClock "0:00:10"]
[BlackClock "0:00:10"]

1. e4 e5 2. Nf3 Nc6 3. Bb5 a6 4. Ba4 Nf6 5. Bxc6 dxc6 6. d3 Bc5 7. Nbd2 Nd7 8. Nc4 f6 9. Be3 Qe7 10. Nh4 Bxe3 11. Nxe3 Qb4+ 12. Qd2 Qxb2 13. O-O O-O 14. Nhf5 Qa3 15. f4 exf4 16. Rxf4 Ne5 17. Nd4 Qd6 18. Ne2 Be6 19. Qc3 c5 20. a3 b5 21. Raf1 b4 22. Qb2 a5 23. Kh1 a4 24. Ng3 Qd4 25. Qc1 b3 26. Ngf5 Qc3 27. Ne7+ Kf7 28. N7d5 Bxd5 29. Nxd5 Qxc2 30. Qe1 Kg8 31. Qg3 Qxd3 32. Rxf6 Rxf6 33. Nxf6+ Kh8 34. Qf4 gxf6 35. Qxf6+ Kg8 36. h3 Ng6 37. Qf7+ Kh8 38. Qf6+ Kg8 39. Qf7+ Kh8 40. Qf6+ Kg8 1/2-1/2

[Event "December 19 Late 2023"]
[Site "https://www.chess.com"]
[Date "2023.12.19"]
[Round "1"]
[White "Fernandez Diaz, Cristian"]
[Black "Boyer, Mahel"]
[Result "1-0"]
[Board "90"]
[TimeControl "180+1"]
[WhiteFideId "22256687"]
[BlackFideId "45102422"]
[WhiteElo "2170"]
[BlackElo "2449"]
[WhiteTeam "ESP"]
[BlackTeam "FRA"]
[WhiteClock "0:00:11"]
[BlackClock "0:00:00"]

1. e4 Nc6 2. Nf3 d5 3. exd5 Qxd5 4. Nc3 Qh5 5. Nb5 Kd8 6. d4 Bg4 7. c4 e6 8. Be2 a6 9. Nc3 Nf6 10. Be3 Bd6 11. Qd2 Kc8 12. O-O-O Rd8 13. h3 Bxf3 14. Bxf3 Qa5 15. a3 Be7 16. Qc2 Rb8 17. Rhe1 Bf8 18. g4 h6 19. h4 g6 20. g5 hxg5 21. hxg5 Ne8 22. Bg2 Nd6 23. d5 Nxc4 24. dxc6 bxc6 25. Rxd8+ Kxd8 26. Qd3+ Nd6 27. Bxc6 Be7 28. Rh1 Kc8 29. Rh8+ Bd8 30. Qd4 Qb6 31. Rxd8+ Kxd8 32. Qf6+ Kc8 33. Bxb6 Rxb6 34. Ba4 Kb7 35. Qf3+ Kb8 36. Bc2 a5 37. b3 Ra6 38. a4 Rb6 39. Nb5 Nf5 40. Bxf5 exf5 41. Kb2 Re6 42. Nd4 Re4 43. Qd3 Rf4 44. f3 Rh4 45. Qb5+ Kc8 46. Qc6 Rxd4 47. Qf6 Rd7 48. Qh8+ Kb7 49. Qe5 c6 50. Qxa5 Rd4 51. Qc3 Rd5 52. b4 Kb6 53. Qf6 Rd7 54. b5 Rc7 55. Kb3 Kb7 56. Kb4 cxb5 57. axb5 Kb8 58. b6 Rc1 59. Qe5+ Kb7 60. Qe7+ 1-0

[Event "December 19 Late 2023"]
[Site "https://www.chess.com"]
[Date "2023.12.19"]
[Round "1"]
[White "Zhu, Jiner"]
[Black "Gerbelli Neto, Eduardo"]
[Result "1-0"]
[Board "91"]
[TimeControl "180+1"]
[WhiteFideId "8608059"]
[BlackFideId "2103281"]
[WhiteElo "2384"]
[BlackElo "2178"]
[WhiteTeam "CHN"]
[BlackTeam "BRA"]
[WhiteClock "0:02:19"]
[BlackClock "0:00:10"]

1. c4 c5 2. Nc3 Nf6 3. Nf3 d5 4. cxd5 Nxd5 5. g3 Nc6 6. Bg2 Nc7 7. O-O e5 8. b3 Be7 9. Bb2 O-O 10. Rc1 f6 11. d3 Be6 12. a3 a5 13. Na4 Na6 14. Nd2 Rc8 15. f4 b5 16. Nc3 exf4 17. gxf4 b4 18. axb4 Naxb4 19. Nc4 Nd4 20. Kh1 Nd5 21. e3 Nf5 22. Nxd5 Bxd5 23. Bxd5+ Qxd5+ 24. e4 Qa8 25. Qg4 Nd4 26. Rg1 g6 27. Bxd4 cxd4 28. Qe6+ Rf7 29. Nb6 1-0

[Event "December 19 Late 2023"]
[Site "https://www.chess.com"]
[Date "2023.12.19"]
[Round "1"]
[White "Chess_Star1234"]
[Black "Gunduz, Umut Erdem"]
[Result "0-1"]
[Board "92"]
[TimeControl "180+1"]
[BlackFideId "6381383"]
[WhiteElo "2359"]
[BlackElo "2182"]
[BlackTeam "TUR"]
[WhiteClock "0:00:03"]
[BlackClock "0:01:06"]

1. d4 Nf6 2. c4 e6 3. Nc3 d5 4. cxd5 exd5 5. Bg5 c6 6. e3 h6 7. Bh4 Be6 8. Bd3 Bd6 9. Nf3 Nbd7 10. O-O O-O 11. Qc2 Qc7 12. Rac1 a6 13. Na4 Rfe8 14. a3 Ne4 15. b4 f5 16. Nc5 Bf7 17. Bg3 Rab8 18. Bxd6 Qxd6 19. Nxd7 Qxd7 20. Ne5 Qe6 21. f3 Nd6 22. Kh1 Re7 23. a4 Be8 24. f4 Ne4 25. Bxe4 fxe4 26. Qc5 Rc7 27. Rf2 b6 28. Qc3 Rbc8 29. a5 bxa5 30. bxa5 c5 31. dxc5 Rxc5 32. Qxc5 Rxc5 33. Rxc5 Bb5 34. h3 d4 35. exd4 e3 36. Rf3 e2 37. Re3 Qa2 38. Nf3 Qxa5 39. Rxe2 Qb4 40. Re1 a5 41. Ra1 a4 42. Rc2 Bc4 43. Rac1 Bd5 44. Ne5 Qb3 45. Rc3 Qb2 46. R1c2 Qb1+ 47. Kh2 a3 48. Rd2 a2 49. Rxa2 Qxa2 50. Rc5 Qxg2# 0-1

[Event "December 19 Late 2023"]
[Site "https://www.chess.com"]
[Date "2023.12.19"]
[Round "1"]
[White "Mokshanov, Alexey"]
[Black "Kostiukov, Alexandr"]
[Result "0-1"]
[Board "93"]
[TimeControl "180+1"]
[WhiteFideId "24121657"]
[BlackFideId "14108100"]
[WhiteElo "2278"]
[BlackElo "2112"]
[WhiteTeam "RUS"]
[BlackTeam "UKR"]
[WhiteClock "0:00:28"]
[BlackClock "0:00:42"]

1. e4 c5 2. Nf3 g6 3. c3 Bg7 4. d4 cxd4 5. cxd4 d5 6. e5 Nc6 7. Bb5 Bg4 8. O-O Nh6 9. Nbd2 O-O 10. Bxc6 bxc6 11. h3 Bxf3 12. Nxf3 f6 13. exf6 exf6 14. Bxh6 Bxh6 15. Re1 Re8 16. Qc2 Qd6 17. b3 Kf7 18. Qd3 Rxe1+ 19. Rxe1 Re8 20. Qa6 Rxe1+ 21. Nxe1 Qc7 22. Nd3 Bd2 23. Qa3 Qe7 24. Qb2 Qe2 25. Qc2 Kg7 26. g3 h5 27. h4 Kh6 28. Kg2 Qe4+ 29. Kf1 Ba5 30. Qc1+ Kg7 31. Nf4 Qh1+ 0-1

[Event "December 19 Late 2023"]
[Site "https://www.chess.com"]
[Date "2023.12.19"]
[Round "1"]
[White "Hoffmann, Asa"]
[Black "Goltsev, Dmitry"]
[Result "0-1"]
[Board "94"]
[TimeControl "180+1"]
[WhiteFideId "2001470"]
[BlackFideId "24176710"]
[WhiteElo "2117"]
[BlackElo "2370"]
[WhiteTeam "USA"]
[BlackTeam "RUS"]
[WhiteClock "0:00:33"]
[BlackClock "0:00:09"]

1. d4 e6 2. e4 d5 3. e5 c5 4. Nf3 Nc6 5. Bd3 cxd4 6. O-O Nge7 7. Bf4 Ng6 8. Bg3 a6 9. h4 Bc5 10. a3 b5 11. b4 Bb6 12. Nbd2 Bd7 13. Nb3 a5 14. Qd2 a4 15. Nc1 Nce7 16. h5 Nf8 17. Bh4 h6 18. Ne2 Qb8 19. Qf4 g5 20. Bxg5 hxg5 21. Nxg5 f5 22. exf6 Qxf4 23. Nxf4 Nc8 24. Bg6+ Nxg6 25. h6 Nxf4 26. h7 Nd6 27. Rfe1 O-O-O 28. g3 Ng6 29. f4 Rdf8 30. Nxe6 Bxe6 31. Rxe6 Kd7 32. Rae1 d3+ 33. Kg2 d2 34. Re7+ Nxe7 35. Rxe7+ Kc6 0-1

[Event "December 19 Late 2023"]
[Site "https://www.chess.com"]
[Date "2023.12.19"]
[Round "1"]
[White "Annaberdiyev, Meylis"]
[Black "Smith, Garrett L"]
[Result "1-0"]
[Board "95"]
[TimeControl "180+1"]
[WhiteFideId "14000563"]
[BlackFideId "2024829"]
[WhiteElo "2405"]
[BlackElo "2356"]
[WhiteTeam "TKM"]
[BlackTeam "USA"]
[WhiteClock "0:00:15"]
[BlackClock "0:00:20"]

1. e4 c5 2. Nf3 Nc6 3. Bb5 e6 4. O-O Nge7 5. d4 cxd4 6. Nxd4 g6 7. Be3 Bg7 8. Nc3 O-O 9. Qd2 a6 10. Bxc6 Nxc6 11. Rad1 Qc7 12. Nb3 b6 13. Bh6 b5 14. a3 Rd8 15. Bxg7 Kxg7 16. f4 d6 17. f5 exf5 18. Nd5 Qa7+ 19. Kh1 Be6 20. exf5 Bxf5 21. Rxf5 gxf5 22. Qg5+ Kf8 23. Qf6 Ke8 24. Re1+ Ne5 25. Nd4 Kd7 26. Rxe5 Re8 27. Qxf7+ 1-0

[Event "December 19 Late 2023"]
[Site "https://www.chess.com"]
[Date "2023.12.19"]
[Round "1"]
[White "Chlpik, Martin"]
[Black "Kucza, Karol"]
[Result "0-1"]
[Board "96"]
[TimeControl "180+1"]
[WhiteFideId "14923351"]
[BlackFideId "1159755"]
[WhiteElo "2109"]
[BlackElo "2307"]
[WhiteTeam "SVK"]
[BlackTeam "POL"]
[WhiteClock "0:00:29"]
[BlackClock "0:00:59"]

1. d4 d5 2. c4 e6 3. cxd5 exd5 4. Nc3 c6 5. Bf4 Nf6 6. e3 Bf5 7. Bd3 Bxd3 8. Qxd3 Bd6 9. Nf3 Bxf4 10. exf4 O-O 11. O-O-O Re8 12. Rhe1 Nbd7 13. Kb1 a5 14. Ne5 Qc7 15. g4 a4 16. g5 Nxe5 17. fxe5 Nd7 18. g6 fxg6 19. h4 Nf8 20. h5 gxh5 21. Rh1 g6 22. f4 Qf7 23. Ne2 Ne6 24. Rdf1 Ng7 25. Ng3 Rf8 26. f5 gxf5 27. Ne2 f4 28. Rxf4 Qg6 29. Kc2 Ne6 30. Rff1 Kh8 31. Rfg1 Qxd3+ 32. Kxd3 Rf3+ 33. Kd2 Rf2 34. Ke3 Raf8 35. Rg3 b5 36. Rxh5 Rxe2+ 37. Kxe2 Nf4+ 38. Ke1 Nxh5 39. Rc3 Rc8 40. b3 axb3 41. axb3 Nf4 42. Rf3 Ne6 0-1

[Event "December 19 Late 2023"]
[Site "https://www.chess.com"]
[Date "2023.12.19"]
[Round "1"]
[White "Solon, Nathan"]
[Black "Botez, Alexandra"]
[Result "1-0"]
[Board "97"]
[TimeControl "180+1"]
[WhiteFideId "2017229"]
[BlackFideId "2603365"]
[WhiteElo "2659"]
[BlackElo "2040"]
[WhiteTeam "USA"]
[BlackTeam "CAN"]
[WhiteClock "0:00:12"]
[BlackClock "0:00:15"]

1. d4 d5 2. Bf4 Nf6 3. e3 e6 4. Nf3 c5 5. Nbd2 Nc6 6. c3 Bd6 7. Bg3 O-O 8. Bd3 c4 9. Bc2 b5 10. e4 dxe4 11. Nxe4 Nxe4 12. Bxe4 Bb7 13. O-O Bxg3 14. hxg3 Qc7 15. Qe2 Ne7 16. Rfe1 h6 17. g4 Bxe4 18. Qxe4 Qc6 19. Qf4 Nd5 20. Qg3 Qc7 21. Qh4 Qf4 22. Ne5 Rac8 23. Re2 a5 24. Rae1 b4 25. Qh3 bxc3 26. bxc3 Rc7 27. Rb2 Ra8 28. Reb1 f6 29. Rb8+ Rxb8 30. Rxb8+ Kh7 31. Rh8+ Kxh8 32. Ng6+ Kg8 33. Nxf4 Nxf4 34. Qe3 g5 35. g3 Nd3 36. Qxe6+ Kg7 37. d5 Ne5 38. f4 Nf7 39. Kf2 Rb7 40. Ke3 Rb1 41. Kd4 Rd1+ 42. Kc5 Rd3 43. Kxc4 Rxg3 44. d6 Rf3 45. fxg5 Rf4+ 46. Kc5 hxg5 47. d7 Rf3 48. Qe7 Rxc3+ 49. Kb6 Rd3 50. Kxa5 Rd6 51. Qxd6 Nxd6 52. Kb6 Nf7 53. Kc7 f5 54. gxf5 Kf6 55. a4 g4 56. a5 g3 57. a6 g2 58. a7 g1=Q 59. a8=Q Qc5+ 60. Qc6+ Qxc6+ 61. Kxc6 Nd8+ 62. Kc7 Ke7 63. f6+ Kxf6 64. Kxd8 Kf7 65. Kc8 Kf8 66. d8=Q+ Kg7 67. Qd6 Kh7 68. Kc7 Kg7 69. Kc6 Kh8 70. Kd5 Kh7 71. Ke5 Kh8 72. Kf6 Kh7 73. Qd7+ Kh8 1-0

[Event "December 19 Late 2023"]
[Site "https://www.chess.com"]
[Date "2023.12.19"]
[Round "1"]
[White "Ardila, Oscar Humberto"]
[Black "Manukyan, Sargis A."]
[Result "0-1"]
[Board "98"]
[TimeControl "180+1"]
[WhiteFideId "4404742"]
[BlackFideId "13303970"]
[WhiteElo "1915"]
[BlackElo "2186"]
[WhiteTeam "COL"]
[BlackTeam "ARM"]
[WhiteClock "0:00:13"]
[BlackClock "0:00:17"]

1. d4 d5 2. c4 e6 3. Nc3 Nf6 4. Bg5 Be7 5. e3 O-O 6. Bd3 h6 7. Bh4 b6 8. cxd5 Nxd5 9. Bxe7 Qxe7 10. Nxd5 exd5 11. Qd2 Bb7 12. Nf3 Nd7 13. Rc1 c5 14. O-O c4 15. Bb1 Nf6 16. Ne5 b5 17. Qc2 Rfe8 18. Qf5 a5 19. h3 b4 20. g4 g6 21. Qf4 Kg7 22. h4 Ne4 23. Bxe4 dxe4 24. g5 hxg5 25. hxg5 Rac8 26. Nxc4 Ba6 27. b3 Bxc4 28. Rxc4 Rxc4 29. bxc4 Rh8 30. f3 exf3 31. Rxf3 a4 32. d5 b3 33. Qd4+ Kg8 34. Rf6 bxa2 35. Qb2 Qxe3+ 36. Rf2 Qe1+ 37. Kg2 a1=Q 38. Qxa1 Qxa1 39. c5 Qh1+ 40. Kg3 Rh3+ 41. Kf4 Rh4+ 42. Ke3 Qc1+ 43. Rd2 Rh3+ 44. Ke2 Rh2+ 45. Kf3 Qxd2 0-1

[Event "December 19 Late 2023"]
[Site "https://www.chess.com"]
[Date "2023.12.19"]
[Round "1"]
[White "Taboas Rodriguez, Daniel"]
[Black "Diaz, Fernando"]
[Result "1-0"]
[Board "99"]
[TimeControl "180+1"]
[WhiteFideId "2208466"]
[BlackFideId "3701255"]
[WhiteElo "2365"]
[BlackElo "2020"]
[WhiteTeam "ESP"]
[BlackTeam "PAR"]
[WhiteClock "0:02:21"]
[BlackClock "0:00:54"]

1. d4 e5 2. Nf3 e4 3. Nfd2 d5 4. c4 c6 5. Nc3 Nf6 6. cxd5 e3 7. fxe3 Ng4 8. Nf3 cxd5 9. e4 dxe4 10. Nxe4 Nc6 11. h3 Nf6 12. Nxf6+ Qxf6 13. e4 Bb4+ 14. Bd2 Qe7 15. Bd3 f5 16. O-O fxe4 17. Bxe4 O-O 18. Bxc6 bxc6 19. Qb3+ Be6 20. Qxb4 Qd7 21. Qc3 Bxh3 22. Ne5 Rxf1+ 23. Rxf1 Qd5 24. gxh3 Kh8 25. Qc4 Qxc4 26. Nxc4 1-0

[Event "December 19 Late 2023"]
[Site "https://www.chess.com"]
[Date "2023.12.19"]
[Round "1"]
[White "Nasta, Kiren Vivek"]
[Black "Sturt, Raven"]
[Result "0-1"]
[Board "100"]
[TimeControl "180+1"]
[WhiteFideId "30943612"]
[BlackFideId "2007304"]
[WhiteElo "1966"]
[BlackElo "2408"]
[WhiteTeam "USA"]
[BlackTeam "USA"]
[WhiteClock "0:02:18"]
[BlackClock "0:00:46"]

1. e4 e5 2. Nf3 Nc6 3. Bb5 f5 4. Nc3 fxe4 5. Nxe4 Nf6 6. Nxf6+ Qxf6 7. Qe2 Be7 8. Bxc6 bxc6 9. Nxe5 O-O 10. O-O Bc5 11. c3 Ba6 12. c4 Rae8 13. Re1 Bxf2+ 0-1

[Event "December 19 Late 2023"]
[Site "https://www.chess.com"]
[Date "2023.12.19"]
[Round "1"]
[White "Gubajdullin, Alexei"]
[Black "Bregu, Riza"]
[Result "1/2-1/2"]
[Board "101"]
[TimeControl "180+1"]
[WhiteFideId "4141202"]
[BlackFideId "4701739"]
[WhiteElo "2274"]
[BlackElo "2138"]
[WhiteTeam "RUS"]
[BlackTeam "ALB"]
[WhiteClock "0:00:11"]
[BlackClock "0:00:18"]

1. e4 e6 2. d4 d5 3. Nd2 c5 4. exd5 Qxd5 5. Ngf3 cxd4 6. Bc4 Qd8 7. O-O Nc6 8. Nb3 e5 9. Re1 Bd6 10. Ng5 Nh6 11. Nxd4 O-O 12. Qd3 g6 13. Nxc6 bxc6 14. Qg3 Nf5 15. Qh3 h5 16. g4 Nd4 17. Qd3 Kg7 18. c3 Ne6 19. Ne4 Bc7 20. Qxd8 Rxd8 21. g5 Nf4 22. Bxf4 exf4 23. f3 Bb6+ 24. Kg2 Be3 25. Rad1 Bf5 26. Bb3 Bxe4 27. fxe4 f6 28. h4 fxg5 29. hxg5 Rxd1 30. Rxd1 f3+ 31. Kxf3 Bxg5 32. Rd7+ Kh6 33. e5 Rf8+ 34. Kg2 Rf4 35. e6 Re4 36. Kf3 Re3+ 37. Kf2 h4 38. Rd8 h3 39. Rd1 Kh5 40. Rh1 Kh4 41. Bc4 Re4 42. b3 Re5 43. Kf3 Re3+ 44. Kf2 Bf4 45. Bf1 g5 46. Rxh3+ Rxh3 47. Bxh3 Bd6 48. Bg2 c5 49. Kf3 g4+ 50. Ke4 Kg3 51. Bf1 Kf2 52. Kf5 g3 53. Bh3 Ke3 54. Kf6 Kd3 55. c4 Kc3 56. e7 Bxe7+ 57. Kxe7 Kb2 58. Kd6 Kxa2 59. Kxc5 Kxb3 60. Kd5 a5 61. c5 a4 62. c6 a3 63. c7 a2 64. c8=Q a1=Q 65. Qc4+ Kb2 66. Qe2+ Kb3 67. Qc4+ Kb2 68. Qd4+ Ka2 69. Qc4+ Kb2 1/2-1/2

[Event "December 19 Late 2023"]
[Site "https://www.chess.com"]
[Date "2023.12.19"]
[Round "1"]
[White "Korol, Dimitry"]
[Black "Zavgorodniy, Sergiy"]
[Result "0-1"]
[Board "102"]
[TimeControl "180+1"]
[WhiteFideId "14108003"]
[BlackFideId "14110148"]
[WhiteElo "2262"]
[BlackElo "2402"]
[WhiteTeam "UKR"]
[BlackTeam "UKR"]
[WhiteClock "0:00:00"]
[BlackClock "0:01:44"]

1. d4 c5 2. d5 d6 3. c4 a6 4. Nf3 g6 5. Nc3 Bg7 6. Qc2 Nf6 7. e4 O-O 8. a4 a5 9. h3 Na6 10. Bd3 Nb4 11. Qe2 Nd7 12. O-O h6 13. Bf4 Ne5 14. Nxe5 dxe5 15. Be3 b6 16. f4 Qc7 17. Rad1 Bd7 18. fxe5 Qxe5 19. Bf4 Qd4+ 20. Be3 Qe5 21. Bf4 Qh5 22. Qxh5 gxh5 23. e5 Nxd3 24. Rxd3 Bf5 25. Re3 Bg6 26. Nb5 Rac8 27. b3 Rfd8 28. Kh2 h4 29. Ref3 Be4 30. Re3 Bc2 31. Rf2 Bg6 32. Rfe2 e6 33. d6 Rd7 34. Rf3 Bh5 35. Ref2 Bxf3 36. Rxf3 Kh7 37. Rf2 Kg6 38. Rf3 h5 39. Rf2 f6 40. exf6 Bxf6 41. Nc7 e5 42. Be3 Rxd6 43. Nd5 Rxd5 44. cxd5 Rd8 45. Rd2 e4 46. Bf4 Bd4 47. d6 Kf5 48. g3 hxg3+ 49. Bxg3 e3 50. Re2 h4 51. Bxh4 Rxd6 52. Bg3 Rg6 53. h4 Ke4 54. Re1 Kf3 55. Rf1+ Ke4 56. Rf8 Kd3 57. Re8 Rf6 58. Kh3 Rf1 59. h5 Rb1 60. Kg4 Rg1 0-1

[Event "December 19 Late 2023"]
[Site "https://www.chess.com"]
[Date "2023.12.19"]
[Round "1"]
[White "Erdogan, Anil Berk"]
[Black "Nielsen, Viktor Haarmark"]
[Result "1-0"]
[Board "103"]
[TimeControl "180+1"]
[WhiteFideId "6348173"]
[BlackFideId "1444492"]
[WhiteElo "2007"]
[BlackElo "2315"]
[WhiteTeam "TUR"]
[BlackTeam "DEN"]
[WhiteClock "0:00:23"]
[BlackClock "0:00:02"]

1. e4 e5 2. Nf3 Nc6 3. Bb5 a6 4. Ba4 Nf6 5. Bxc6 dxc6 6. d3 Bd6 7. Nbd2 O-O 8. Nc4 Nd7 9. Bd2 Re8 10. Bc3 f6 11. h4 c5 12. h5 Nb8 13. Nh4 Nc6 14. Ne3 Nd4 15. a3 a5 16. Bxd4 cxd4 17. Nef5 Bf8 18. Rh3 Kf7 19. Rg3 Bxf5 20. Nxf5 g6 21. hxg6+ hxg6 22. Nh4 g5 23. Nf5 Qd7 24. Rh3 Bg7 25. Rh7 Rg8 26. Qh5+ Kf8 27. Qg6 Qf7 28. Qxf7+ Kxf7 29. O-O-O Kg6 30. Rdh1 a4 31. Ne7+ Kf7 32. Nxg8 Rxg8 33. g4 Kg6 34. R7h5 Rb8 35. b3 axb3 36. cxb3 Ra8 37. a4 Ra6 38. Kb2 c5 39. Rc1 b6 40. f3 Ra8 41. Rch1 Rb8 42. Rh7 Ra8 43. R7h3 Rb8 44. Ra1 Ra8 45. Rhh1 Bf8 46. Rhc1 Bd6 47. Rh1 Kg7 48. Rh5 Bf8 49. Rah1 Kf7 50. Rh8 Ra5 51. R1h7+ Bg7 52. Rb8 Kg6 53. Rxg7+ Kxg7 54. Rxb6 Kf7 55. Ka3 Ra8 56. b4 cxb4+ 57. Kxb4 Rh8 58. a5 Rh3 59. a6 Rxf3 60. a7 1-0

[Event "December 19 Late 2023"]
[Site "https://www.chess.com"]
[Date "2023.12.19"]
[Round "1"]
[White "Biernacki, Mark"]
[Black "Manolache, Marius"]
[Result "1-0"]
[Board "104"]
[TimeControl "180+1"]
[WhiteFideId "2082322"]
[BlackFideId "1201530"]
[WhiteElo "1965"]
[BlackElo "2364"]
[WhiteTeam "USA"]
[BlackTeam "ROU"]
[WhiteClock "0:02:55"]
[BlackClock "0:02:55"]

1. e4 c5 2. Nc3 e6 3. d4 cxd4 4. Qxd4 Nc6 5. Qd3 Nf6 6. Bf4 a6 7. O-O-O Qc7 8. Bxc7 Bb4 9. Bd6 Bxc3 10. Qxc3 Nxe4 11. Qxg7 Nxd6 1-0

[Event "December 19 Late 2023"]
[Site "https://www.chess.com"]
[Date "2023.12.19"]
[Round "1"]
[White "User234564"]
[Black "Munoz Sanchez, Miguel"]
[Result "1-0"]
[Board "105"]
[TimeControl "180+1"]
[BlackFideId "3600734"]
[WhiteElo "2648"]
[BlackElo "2124"]
[BlackTeam "ECU"]
[WhiteClock "0:01:14"]
[BlackClock "0:00:15"]

1. d4 Nf6 2. c4 g6 3. Nc3 Bg7 4. e4 d6 5. Be2 O-O 6. Be3 c5 7. d5 e6 8. Nf3 exd5 9. cxd5 Re8 10. Nd2 Na6 11. O-O Nc7 12. a4 b6 13. h3 a6 14. Qc2 Bd7 15. Nc4 Bf8 16. Nxb6 Rb8 17. Nc4 Rb4 18. Bf4 Bc8 19. Na5 Bd7 20. Nc4 Bc8 21. Bd3 Nh5 22. Bh2 Qf6 23. Rae1 Nf4 24. e5 dxe5 25. Ne4 Qh4 26. Bg3 Qd8 27. Nxe5 Nxh3+ 28. gxh3 Bxh3 29. Nc6 Qc8 30. Nxb4 cxb4 31. Nf6+ Kg7 32. Nxe8+ Kg8 33. Qxc7 Qg4 34. Nf6+ 1-0

[Event "December 19 Late 2023"]
[Site "https://www.chess.com"]
[Date "2023.12.19"]
[Round "1"]
[White "Crispin Ferreras, Darvi Abraham"]
[Black "Janaszak, Dawid"]
[Result "0-1"]
[Board "106"]
[TimeControl "180+1"]
[WhiteFideId "6402771"]
[BlackFideId "1119206"]
[WhiteElo "2149"]
[BlackElo "2218"]
[WhiteTeam "DOM"]
[BlackTeam "POL"]
[WhiteClock "0:00:05"]
[BlackClock "0:01:41"]

1. e4 c5 2. Nf3 Nc6 3. Bb5 Nf6 4. Nc3 g6 5. O-O Bg7 6. Re1 O-O 7. h3 d6 8. d3 e5 9. Bg5 h6 10. Bxf6 Bxf6 11. Nd5 Bg7 12. c3 Kh7 13. a4 f5 14. Bc4 f4 15. Qd2 g5 16. b4 g4 17. hxg4 Bxg4 18. b5 Ne7 19. Nxe7 Qxe7 20. d4 cxd4 21. cxd4 Bxf3 22. gxf3 exd4 23. Bd3 Be5 24. Kf1 Rac8 25. Ke2 Rc3 26. Rh1 Rf6 27. Rh5 Rg6 28. Rah1 Qg7 29. Qa2 Qc7 30. Kd2 Kg7 31. Qb1 Qc5 32. R1h4 Qa3 33. Ke2 Rb3 34. Qc2 Rb2 0-1

[Event "December 19 Late 2023"]
[Site "https://www.chess.com"]
[Date "2023.12.19"]
[Round "1"]
[White "Ehlvest, Jaan"]
[Black "Ward, Ieuan C"]
[Result "1-0"]
[Board "107"]
[TimeControl "180+1"]
[WhiteFideId "4500016"]
[BlackFideId "406627"]
[WhiteElo "2452"]
[BlackElo "2330"]
[WhiteTeam "USA"]
[BlackTeam "ENG"]
[WhiteClock "0:01:47"]
[BlackClock "0:00:42"]

1. e4 e5 2. Nf3 Nc6 3. Bc4 Nf6 4. d4 exd4 5. e5 d5 6. Bb5 Nd7 7. O-O Be7 8. Bxc6 bxc6 9. Nxd4 Bb7 10. e6 Nf6 11. exf7+ Kxf7 12. Re1 Re8 13. Bf4 Bd6 14. Rxe8 Qxe8 15. Bg3 c5 16. Nf5 Bxg3 17. Nxg3 Qe5 18. Nd2 Re8 19. Nf3 Qf4 20. c3 Kg8 21. b4 cxb4 22. cxb4 Ne4 23. Rc1 Nxg3 24. hxg3 Qxb4 25. Rb1 1-0